 Dungeon Crawl Stone Soup version 0.31-a0-925-g0a390f2509 (webtiles) character file.

Game seed: 4446682990975864139

181 IdlyInterested the Ruffian (level 5, -4/41 HPs)
             Began as a Demonspawn Wanderer on Oct 18, 2023.
             Slain by an iguana (7 damage)
             ... on level 4 of the Dungeon.
             The game lasted 00:10:02 (4082 turns).

IdlyInterested the Ruffian (Demonspawn Wanderer)    Turns: 4082, Time: 00:10:02

Health: -4/41      AC:  6    Str: 13    XL:     5   Next: 34%
Magic:  6/6        EV: 10    Int: 15    God:
Gold:   101        SH:  0    Dex: 12    Spells: 6/6 levels left

rFire   + .          .
                       - Unarmed
rCold   + . .        (no shield)
rNeg    . . .        w - +0 ring mail "Tieggej" {rF+ rC+ Will-}
rPois   .            (no helmet)
rElec   .            (no cloak)
rCorr   .            (no gloves)
SInv    .            c - +0 pair of boots
Will    .....        g - amulet of the acrobat
Stlth   +            (no ring)
HPRegen 0.26/turn    (no ring)
MPRegen 0.10/turn

%: acrobat
@: no status effects
A: claws 1, foul stench 1
a: no special abilities


You were on level 4 of the Dungeon.
You visited 1 branch of the dungeon, and saw 4 of its levels.

You collected 101 gold pieces.

Inventory:

Hand Weapons
 a - a +0 dagger
 n - a +0 hand axe
 t - a +0 whip
 x - a +0 quarterstaff
Missiles
 h - 26 stones (quivered)
 q - 5 poisoned darts
 v - 5 boomerangs
Armour
 c - a +0 pair of boots (worn)
 e - a +0 robe
 w - the +0 ring mail "Tieggej" (worn) {rF+ rC+ Will-}
   (You found it on level 3 of the Dungeon)

   rF+:       It protects you from fire.
   rC+:       It protects you from cold.
   Will-:     It decreases your willpower.
Magical Staves
 u - a staff of earth
Jewellery
 g - an amulet of the acrobat (around neck)
 k - a ring of fire
Talismans
 i - a flux talisman
Wands
 s - a wand of acid (21)
Scrolls
 b - a scroll of blinking
 d - a scroll of fog
 l - 2 scrolls of teleportation
 p - a scroll of enchant weapon {unknown}
 r - a scroll of noise {unknown}
 y - a scroll of immolation {unknown}
 z - 2 scrolls of amnesia {unknown}
Potions
 f - 2 potions of brilliance
 j - a potion of curing
 m - a potion of invisibility
 o - a potion of attraction {unknown}
 A - a potion of mutation {unknown}


   Skills:
 - Level 3.0 Fighting
 - Level 1.0 Throwing
 + Level 1.1 Armour
 - Level 1.1 Dodging
 - Level 2.0 Stealth
 * Level 3.5 Unarmed Combat
 - Level 1.0 Spellcasting
 - Level 1.7 Air Magic
 - Level 1.0 Evocations
 * Level 1.4 Shapeshifting


You had 6 spell levels left.
You didn't know any spells.
Your spell library contained the following spells:

 Spells                   Type           Power      Damage    Failure   Level
 Apportation              Tloc           0%         N/A       45%         1
 Necrotise                Necr           0%         1d4       45%         1
 Summon Small Mammal      Summ           0%         N/A       45%         1
 Poisonous Vapours        Pois/Air       6%         N/A       50%         2
 Cigotuvi's Dreadful Rot  Necr/Pois/Air  4%         N/A       52%         2
 Summon Guardian Golem    Hex/Summ       0%         N/A       83%         3
 Orb of Destruction       Conj           0%         9d5       100%        7
 Spellforged Servitor     Conj/Summ      0%         N/A       100%        7


Dungeon Overview and Level Annotations

Branches:
Dungeon (4/15)
 Temple: D:4-7

Altars:
Nemelex Xobeh
Qazlal
Trog

Shops:
D:2 [   D:4 (


Innate Abilities, Weirdness & Mutations

You have sharp fingernails.
You may rarely emit foul miasma when damaged in melee.


Message History

You scratch the quokka.
You kill the quokka!
You now have 101 gold pieces (gained 9).
Found a sparkling altar of Nemelex Xobeh.
Found a club.
There is a fountain of sparkling water here.
There is a fountain of sparkling water here.
A quokka comes into view.
An iguana comes into view.
The iguana hisses angrily.
You barely miss the quokka. The quokka closely misses you.
The iguana bites you!
The quokka bites you but does no damage.
You completely miss the quokka. The iguana bites you.
The quokka bites you but does no damage.
You scratch the iguana.
The iguana is lightly wounded.
The iguana bites you!
You scratch the iguana.
The iguana is moderately wounded.
The iguana barely misses you.
You scratch the iguana but do no damage.
The iguana is moderately wounded.
A ball python comes into view.
The iguana bites you!
The ball python hisses angrily.
You scratch the iguana but do no damage.
The iguana is moderately wounded.
The iguana completely misses you.
You barely miss the iguana.
The iguana is moderately wounded.
The iguana bites you!
* * * LOW HITPOINT WARNING * * *
You scratch the iguana but do no damage.
The iguana is moderately wounded.
The iguana closely misses you.
You scratch the iguana.
The iguana is heavily wounded.
The iguana bites you!
You die...

###...#
#...# ##.##
#...# #.#
####...##
#.#
##........
#.#
#..........
#.#
#.#........
#.# #
####...##
#.# #...#
#@# #...#
#l# #####
#r.# .S.#
....#
#..⌠.#
.....#
.#....#
#.#.##.#


You could see an iguana, a quokka and a ball python.

Vanquished Creatures
  A hound (D:4)
  An iguana (D:4)
  6 adders
  2 worms (D:2)
  2 dart slugs
  2 orcs
  5 endoplasms
  2 giant cockroaches
  6 goblins
  7 hobgoblins
  4 jackals (D:2)
  4 quokkas
  5 ball pythons
  5 bats
  A frilled lizard (D:2)
  5 kobolds
  2 rats (D:1)
60 creatures vanquished.

Notes
Turn   | Place    | Note
-------+----------+-------------------------------------------
     0 | D:1      | IdlyInterested the Demonspawn Wanderer began the quest for
                  | the Orb.
     0 | D:1      | IdlyInterested set off with the following items: a +0
                  | dagger, a scroll of blinking, a +0 pair of boots, a scroll
                  | of fog, a +0 robe, a potion of brilliance; and the
                  | following spells available to memorise: Poisonous Vapours,
                  | Cigotuvi's Dreadful Rot.
     0 | D:1      | Reached XP level 1. HP: 15/15 MP: 2/2
   135 | D:1      | Gained mutation: You may rarely emit foul miasma when
                  | damaged in melee. [demonic ancestry]
   135 | D:1      | Reached XP level 2. HP: 13/21 MP: 3/3
  1142 | D:2      | Found For Fow's Armour Shop.
  1198 | D:2      | Reached skill level 1 in Throwing
  1345 | D:2      | Reached XP level 3. HP: 5/27 MP: 4/4
  1716 | D:2      | Reached skill level 1 in Dodging
  1929 | D:2      | Reached skill level 1 in Evocations
  2029 | D:2      | Gained mutation: You have sharp fingernails. [demonic
                  | ancestry]
  2029 | D:2      | Reached XP level 4. HP: 18/34 MP: 5/5
  2553 | D:3      | Identified the +0 ring mail "Tieggej" {rF+ rC+ Will-}
  2798 | D:3      | Found a stormy altar of Qazlal.
  3463 | D:4      | Found Duerafyi's Antique Weapon Boutique.
  3743 | D:4      | Reached skill level 1 in Shapeshifting
  3743 | D:4      | Reached XP level 5. HP: 37/41 MP: 6/6
  3974 | D:4      | Found a bloodstained altar of Trog.
  4057 | D:4      | Found a sparkling altar of Nemelex Xobeh.
  4082 | D:4      | Slain by an iguana

Illustrated notes

Levels and vault maps discovered:
D:1:      psy_arrival_spokes, layout_basic, minivault_4, grunt_decor_junction,
          reono_crystal_passage
D:2:      layout_loops_ring, serial_shops, nicolae_shop_just_a_little_nook,
          serial_rivers, chequers_serial_rivers_large_a,
          chequers_serial_rivers_large_b, chequers_serial_rivers_small_a,
          chequers_serial_rivers_micro_c, chequers_serial_rivers_micro_b,
          chequers_serial_rivers_micro_e
D:3:      layout_loops_corners, nicolae_tso_swordbearing_angel,
          grunt_qazlal_clouds
D:4:      layout_loops_ring, nemelex_xobeh_ov_fountains_minmay,
          old_standard_altar, nicolae_stop_n_shop_1, hangedman_feature_mirror,
          uniq_blork_the_orc, uniq_ijyb

Skill      XL: |  1  2  3  4 |
---------------+-------------+-----
Unarmed Combat | 3 |  3.5
Stealth        | 2 |  2.0
Fighting       | 2 3 |  3.0
Throwing       | 1 |  1.0
Dodging        | 1 |  1.1
Evocations     | 1 |  1.0
Shapeshifting  | 1 |  1.4
Armour         | |  1.1
Spellcasting   | |  1.0
Air Magic      | |  1.7

Action                     |  1- 3 |  4- 6 || total
---------------------------+-------+-------++-------
  Melee: Unarmed           |   218 |    92 ||   310
         Punch             |     4 |     2 ||     6
  Throw: Stone             |    17 |     1 ||    18
    Use: Potion            |       |     2 ||     2
         Scroll            |       |     1 ||     1
   Stab: Sleeping          |     2 |     2 ||     4
         Invisible         |       |     1 ||     1
 Armour: Robe              |   105 |     3 ||   108
         Ring mail         |       |    44 ||    44
  Dodge: Dodged            |   129 |    51 ||   180

Table legend: (Time is in decaauts)
 A = Elapsed time spent in this place.
 B = Non-inter-level travel time spent in this place.
 C = Inter-level travel time spent in this place.
 D = Time resting spent in this place.
 E = Time spent auto-exploring this place.
 F = Levels seen in this place.
 G = Mean time per level.
                   A        B        C        D        E       F      G
               +--------+--------+--------+--------+--------+-----+--------+
         Total |   4176 |   3624 |    552 |    534 |   2280 |   4 | 1044.0 |
       Dungeon |   4176 |   3624 |    552 |    534 |   2280 |   4 | 1044.0 |
               +--------+--------+--------+--------+--------+-----+--------+

Top non-repeatable levels by time:
     D:2: 1496 daAuts
     D:1: 1132 daAuts
     D:3: 1023 daAuts
     D:4: 523 daAuts
